 Dungeon Crawl Stone Soup version 0.22-a0-614-g34fbaa0 (webtiles) character file.

44634 suicidejoker the Fighter (level 14, -21/92 HPs)
             Began as a Gargoyle Fighter on July 21, 2018.
             Was an Initiate of Gozag.
             Killed from afar by a fire giant (75 damage)
             ... with a bolt of fire
             ... on level 15 of the Dungeon.
             The game lasted 00:45:18 (14281 turns).

suicidejoker the Fighter (Gargoyle Fighter)        Turns: 14281, Time: 00:45:24

Health: -21/92     AC: 34    Str: 23    XL:     14   Next: 29%
Magic:  14/14      EV: 14    Int: 10    God:    Gozag
Gold:   1859       SH:  0    Dex: 10    Spells: 13/13 levels left

rFire    x . .     SeeInvis .   v - +4 Maxwell's thermic engine {flame, freeze, rF- rC-}
rCold    . . .     Gourm    .   (no shield)
rNeg     + . .     Faith    .   S - +4 chain mail of Coliexant {rElec rC+ Regen+}
rPois    ∞         Spirit   .   y - +2 hat {MR+}
rElec    +         Reflect  .   p - +0 cloak
rCorr    .         Harm     .   F - +0 pair of gloves
MR       ++...                  (no boots)
Stlth    ..........             (no amulet)
HPRegen  0.65/turn              L - ring of Jasuot {rElec AC+2}
MPRegen  0.14/turn              M - +2 ring of evasion

@: no status effects
A: big wings, negative energy resistance 1, electricity resistance, unbreathing,
petrification resistance, rot immunity, AC +10
a: Fly, Potion Petition, Call Merchant, Bribe Branch, Renounce Religion


You were on level 15 of the Dungeon.
You worshipped Gozag.
Gozag was most pleased with you.
You were hungry.

You visited 1 branch of the dungeon, and saw 15 of its levels.
You also visited: Labyrinth.

You collected 4827 gold pieces.
You spent 1017 gold pieces at shops.
You paid 1951 gold pieces to Gozag.

Inventory:

Hand Weapons
 a - a +3 antimagic demon blade
 b - a +0 blowgun
 u - a +4 long sword
 v - the +4 Maxwell's thermic engine (weapon) {flame, freeze, rF- rC-}
   (You bought it in a shop on level 9 of the Dungeon)

   It has been specially enchanted to burn those struck by it, causing extra
   injury to most foes and up to half again as much damage against particularly
   susceptible opponents.
   Big, fiery blades are also staple armaments of hydra-hunters.
   It makes you vulnerable to fire.
   It makes you vulnerable to cold.
 Q - a -1 arbalest
 R - a +3 long sword of holy wrath
Missiles
 o - 15 tomahawks (quivered)
 q - 57 poisoned needles
 r - 105 bolts
 A - 8 javelins
 G - 7 needles of sleeping
 H - 22 javelins of penetration
 X - a tomahawk of returning
Armour
 c - a +2 shield
 p - a +0 cloak (worn)
 y - a +2 hat of magic resistance (worn)
 F - a +0 pair of gloves (worn)
 K - a +2 scale mail of cold resistance
 P - a +3 plate armour
 S - the +4 chain mail of Coliexant (worn) {rElec rC+ Regen+}
   (You found it in a labyrinth)

   It protects you from cold.
   It insulates you from electricity.
   It increases your rate of regeneration.
Jewellery
 g - a +3 ring of dexterity
 h - an uncursed ring of see invisible
 m - an uncursed ring of positive energy
 s - an uncursed ring of positive energy
 E - an uncursed ring of ice
 L - the ring of Jasuot (left hand) {rElec AC+2}
   (You found it in a labyrinth)

   [ring of protection]

   It affects your AC (+2).
   It insulates you from electricity.
 M - a +2 ring of evasion (right hand)
 Y - an uncursed ring of protection from magic
Wands
 e - a wand of flame (25)
 k - a wand of iceblast (12)
 D - a wand of digging (26)
 N - a wand of acid (10)
 O - a wand of enslavement (13)
 V - a wand of paralysis (15)
Scrolls
 j - a scroll of blinking
 n - a scroll of enchant weapon
 t - 7 scrolls of teleportation
 x - 3 scrolls of remove curse
 B - 4 scrolls of identify
 Z - 2 scrolls of fog
Potions
 i - a potion of agility
 l - 3 potions of cancellation
 w - a potion of heal wounds
 C - 3 potions of curing
 I - 2 potions of lignification
 J - a potion of magic
 T - a potion of brilliance
 U - a potion of berserk rage
 W - a potion of haste
Miscellaneous
 z - a phial of floods
Comestibles
 f - 17 rations


   Skills:
 + Level 12.8 Fighting
 + Level 10.8 Long Blades
 + Level 12.5 Armour
 + Level 8.6 Dodging
 + Level 12.6 Shields


You had 13 spell levels left.
You didn't know any spells.
Your spell library contained the following spells:

 Spells                   Type           Power        Failure   Level  Hunger
 Conjure Flame            Conj/Fire      #.......     99%         3    ####...
 Bolt of Cold             Conj/Ice       #.........   100%        6    #######
 Bolt of Magma            Conj/Fire/Erth #.........   100%        5    ######.
 Throw Frost              Conj/Ice       #.....       96%         2    ###....
 Freezing Cloud           Conj/Ice/Air   #.........   100%        6    #######
 Ozocubu's Refrigeration  Ice            #.........   100%        6    #######
 Ice Form                 Ice/Tmut       #.......     100%        4    #####..
 Throw Icicle             Conj/Ice       #.......     100%        4    #####..
 Flame Tongue             Conj/Fire      #....        88%         1    ##.....
 Metabolic Englaciation   Hex/Ice        #.........   100%        5    ######.
 Simulacrum               Ice/Necr       #.........   100%        6    #######
 Excruciating Wounds      Chrm/Necr      #.........   100%        5    ######.
 Inner Flame              Hex/Fire       #.......     99%         3    ####...
 Fulminant Prism          Conj/Hex       #.........   100%        4    #####..
 Irradiate                Conj/Tmut      #.........   100%        5    ######.


Dungeon Overview and Level Annotations

Branches:
Dungeon (15/15)            Temple (0/1) D:5            Lair (0/6) D:9
    Orc (0/2) D:9          Vaults (0/5) D:13         Depths (0/5) D:15

Altars:
Cheibriados
Dithmenos
Fedhas
Gozag

Shops:
D:6 *   D:9 (


Innate Abilities, Weirdness & Mutations

You are resistant to torment.
Your stone body is resilient. (AC +10)
You are immune to poison.
Your large and strong wings let you fly indefinitely.
You resist negative energy. (rN+)
You are resistant to electric shocks. (rElec)
You can survive without breathing.
You are immune to petrification.
You are immune to rotting.


Message History

a whip; a robe You see here a scimitar of flaming.
Okay, then.
Drop what? 52/52 slots (_ for help) (? for menu, Esc to quit)
You drop 3 potions of flight.
Okay, then.
Okay, then.
The fire giant hits you with a great sword of flaming.
The fire giant burns you.
You see here a scimitar of flaming.
You slice the fire giant!! You freeze the fire giant.
The fire giant is heavily wounded.
The fire giant hits you but does no damage.
You hit the fire giant. You freeze the fire giant.
The fire giant is heavily wounded.
The fire giant gestures at you while chanting.
The bolt of fire hits you! The fire burns you terribly!
Ouch! That really hurt!
You die...
Your body crumbles into a pile of gold.

##≈.≈≈≈≈≈≈≈≈≈.# ##≈≈.≈≈≈≈≈≈≈≈≈.#
##≈≈≈.........≈.# ####
#≈≈≈≈≈≈≈≈≈≈≈≈.≈.########...#
................?........#.#####
≈≈≈≈≈≈≈≈≈)..≈.≈.####..=###......
#...≈.......≈.≈.##...#.##.......
..≈.....≈.......C..###.#...≈.≈.≈
.##≈≈.≈.≈...≈.#@#### #.....≈≈§§≈
##≈.≈.≈...#.#!# #...§#§.§§≈
##.........#)# #..§≈§≈≈.§≈
.#####≈.#.#####.######...§≈§...≈
.........#...............§#≈§.>..
...............<))...#....≈≈≈...≈
.........#######)###.#...≈≈≈≈≈.≈≈
...................# #.....#§§≈§§
.........####......# ≈......≈§#≈≈


You could see a fire giant.

Vanquished Creatures
  An orc warlord (D:13)
  Azrael (D:15)
  A minotaur (Lab)
  Snorg (D:13)
  Josephine (D:14)
  A rakshasa (D:15)
  2 hydras (D:14)
  6 two-headed ogres
  2 centaur warriors
  An ogre mage (D:13)
  7 skeletal warriors
  8 ugly things
  An orc knight (D:13)
  A wolf spider (D:13)
  A manticore (D:11)
  3 deep elf magi
  4 cyclopes
  A gargoyle (D:11)
  5 centaur skeletons
  A minotaur skeleton (Lab)
  A komodo dragon (D:14)
  3 tengu conjurers
  2 hornets (D:14)
  A hippogriff (D:9)
  3 slime creatures (D:14)
  A shadow (D:13)
  3 hogs (D:7)
  18 yaks
  5 wraiths (D:14)
  6 wyverns
  2 fire elementals (D:15)
  A human (D:7)
  5 hungry ghosts
  A basilisk (D:9)
  Menkaure (D:5)
  4 vampire mosquitoes (D:14)
  14 wargs (D:13)
  A hell hound (D:15)
  A soldier ant (D:14)
  2 acid dragons
  4 ice beasts
  3 sky beasts
  7 orc warriors
  6 phantoms
  A necrophage (D:10)
  12 ogres
  12 centaurs
  3 big kobolds
  Blork the orc (D:4)
  6 bullfrogs
  2 wyvern zombies
  4 scorpions
  A water moccasin skeleton (D:11)
  11 wights
  12 killer bees
  An electric eel (D:15)
  2 centaur zombies
  5 crimson imps
  A bullfrog zombie (D:8)
  6 hounds
  2 quasits
  A jelly (D:10)
  13 orc priests
  3 bullfrog skeletons
  7 worker ants
  5 iguanas
  12 orc wizards
  6 ogre zombies (D:9)
  A mummy (D:4)
  Robin (D:4)
  A worker ant zombie (D:10)
  7 gnolls
  17 adders
  A shadow imp (D:13)
  3 adder zombies
  2 worms
  2 dart slugs
  2 leopard geckos
  103 orcs
  4 bats
  3 giant cockroaches
  12 goblins
  9 hobgoblins
  8 jackals
  15 kobolds
  3 quokkas
  A ball python (D:2)
  A ball python skeleton (D:4)
  3 frilled lizards
  2 goblin zombies (D:9)
  A hobgoblin skeleton (D:9)
  4 hobgoblin zombies
  2 jackal skeletons
  3 orc skeletons (D:9)
  11 orc zombies (D:9)
  9 rats
  A plant (D:13)
505 creatures vanquished.

Vanquished Creatures (others)
  A deep elf knight (D:13)
  A wizard (D:15)
  A shadow imp (D:15)
3 creatures vanquished.

Grand Total: 508 creatures vanquished

Notes
Turn   | Place    | Note
-------+----------+-------------------------------------------
     0 | D:1      | suicidejoker the Gargoyle Fighter began the quest for the Orb.
     0 | D:1      | Reached XP level 1. HP: 14/14 MP: 1/1
    71 | D:1      | Reached XP level 2. HP: 16/19 MP: 2/2
   574 | D:2      | Found a shadowy altar of Dithmenos.
   603 | D:2      | Reached XP level 3. HP: 23/24 MP: 3/3
  1172 | D:3      | Reached skill level 5 in Long Blades
  1172 | D:3      | Reached XP level 4. HP: 9/34 MP: 4/4
  1176 | D:3      | Reached XP level 5. HP: 18/40 MP: 5/5
  1177 | D:3      | Reached XP level 6. HP: 20/45 MP: 6/6
  1645 | D:3      | Found an opulent altar of Gozag.
  1667 | D:3      | Became a worshipper of Gozag Ym Sagoz the Greedy
  2073 | D:4      | Reached XP level 7. HP: 47/50 MP: 7/7
  2181 | D:4      | Noticed Blork the orc
  2191 | D:4      | Killed Blork the orc
  2443 | D:4      | Noticed Robin
  2468 | D:4      | Killed Robin
  3296 | D:4      | Got a twisted helmet
  3302 | D:4      | Identified the +2 helmet of the Game of Kings {+Fly Dex+4 Slay-6} (You took it off Robin on level 4 of the Dungeon)
  3370 | D:5      | Entered Level 5 of the Dungeon
  3399 | D:5      | Reached XP level 8. HP: 55/55 MP: 8/8
  3503 | D:5      | Noticed Menkaure
  3510 | D:5      | Killed Menkaure
  3996 | D:5      | Found a staircase to the Ecumenical Temple.
  4291 | D:5      | Found a shadowy altar of Dithmenos.
  4759 | D:6      | Identified Kapeokli's Incunabulum of the Helpful Blaze
  5261 | D:6      | Identified a scroll of acquirement
  5359 | D:6      | Reached XP level 9. HP: 60/60 MP: 3/9
  5368 | D:6      | Found a snail-covered altar of Cheibriados.
  5681 | D:6      | Found Gawn's Assorted Antiques.
  5698 | D:6      | Bought a thin beryl amulet for 135 gold pieces
  5698 | D:6      | Bought a scroll of identify for 54 gold pieces
  5698 | D:6      | Bought a scroll of enchant armour for 202 gold pieces
  5698 | D:6      | Bought a glass wand for 108 gold pieces
  6913 | D:8      | Noticed a two-headed ogre
  6929 | D:8      | Killed a two-headed ogre
  6929 | D:8      | Reached XP level 10. HP: 47/66 MP: 3/10
  7371 | D:8      | You fall through a shaft!
  7371 | D:9      | Found a staircase to the Lair.
  7482 | D:9      | Found Rohoiw's Weapon Emporium.
  7489 | D:9      | Bought the +2 Maxwell's thermic engine {flame, freeze, rF- rC-} for 518 gold pieces
  7489 | D:9      | Found the +2 Maxwell's thermic engine {flame, freeze, rF- rC-}
  7635 | D:9      | Found a staircase to the Orcish Mines.
  7689 | D:9      | Reached skill level 5 in Dodging
  7902 | D:9      | Reached XP level 11. HP: 55/72 MP: 11/11
  8344 | D:9      | Reached skill level 10 in Fighting
  8724 | D:10     | Entered Level 10 of the Dungeon
  9113 | D:10     | Noticed a two-headed ogre
  9120 | D:10     | Killed a two-headed ogre
  9332 | D:11     | Noticed a purple ugly thing
  9341 | D:11     | Killed a purple ugly thing
  9341 | D:11     | Reached skill level 10 in Armour
  9341 | D:11     | Reached skill level 10 in Shields
  9356 | D:11     | Noticed a cyclops
  9366 | D:11     | Killed a cyclops
  9422 | D:11     | Found a labyrinth entrance.
  9431 | Lab      | Entered a labyrinth
  9593 | Lab      | Noticed a minotaur
  9603 | Lab      | Killed a minotaur
  9611 | Lab      | Identified Lee's Catalogue of Confrontation and the Rocks
  9612 | Lab      | Got a brightly glowing silver ring
  9623 | Lab      | Got a slimy chain mail
  9638 | Lab      | Identified the ring of Jasuot {rElec AC+2} (You found it in a labyrinth)
  9663 | Lab      | Identified the +4 chain mail of Coliexant {rElec rC+ Regen+} (You found it in a labyrinth)
  9698 | D:11     | Noticed a manticore
  9711 | D:11     | Killed a manticore
  9769 | D:11     | Noticed a two-headed ogre
  9779 | D:11     | Killed a two-headed ogre
  9789 | D:11     | Noticed a two-headed ogre
  9797 | D:11     | Killed a two-headed ogre
  9857 | D:11     | Noticed a skeletal warrior
  9857 | D:11     | Noticed a skeletal warrior
  9870 | D:11     | Killed a skeletal warrior
  9870 | D:11     | Reached XP level 12. HP: 74/79 MP: 12/12
 11688 | D:13     | Noticed an ogre mage
 11690 | D:13     | Noticed a two-headed ogre
 11695 | D:13     | Noticed a deep elf knight
 11700 | D:13     | Noticed a centaur warrior
 11710 | D:13     | Killed a deep elf knight
 11718 | D:13     | Killed a two-headed ogre
 11721 | D:13     | Killed a centaur warrior
 11721 | D:13     | Reached XP level 13. HP: 58/85 MP: 13/13
 11863 | D:13     | Found a gate to the Vaults.
 12050 | D:13     | Reached skill level 10 in Long Blades
 12520 | D:13     | Noticed an orc warlord
 12540 | D:13     | Killed an orc warlord
 12854 | D:13     | Noticed Snorg
 12863 | D:13     | Killed Snorg
 12982 | D:14     | Noticed Josephine
 13022 | D:14     | Killed Josephine
 13442 | D:14     | Found a blossoming altar of Fedhas.
 13700 | D:14     | Gained mutation: Your large and strong wings let you fly indefinitely. [Gargoyle growth]
 13700 | D:14     | Reached XP level 14. HP: 92/92 MP: 14/14
 13937 | D:15     | Entered Level 15 of the Dungeon
 14066 | D:15     | Noticed Azrael
 14090 | D:15     | Killed Azrael
 14253 | D:15     | Noticed a fire giant
 14254 | D:15     | Found a staircase to the Depths.
 14281 | D:15     | Killed from afar by a fire giant

Vault maps used:
D:1:      tarquinn_simple_flora_water_a, st_stairs_3
D:2:      grunt_dithmenos_smoke
D:3:      overflow_temple_1_default
D:4:      nicolae_ossuary_entry_giza, feat_on_display, uniq_blork_the_orc,
          uniq_robin
D:5:      cheibrodos_quashed, minmay_temple_entry_grid, basic_altar,
          first_ration, uniq_menkaure
D:6:      cheibriados_altar_1, serial_shops, shop_coins
D:7:      grunt_livestock
D:8:      nicolae_overflow_hidden_temple
D:9:      erik_lair_dragon, zombieorc1_lemuel, serial_shops, shop
D:10:     st_stairs_1
D:11:     lab_entry_generic
D:13:     lemuel_castle_with_subvaults, hangedman_vaults_entry_quadrant_bands,
          uniq_snorg
D:14:     fedhas_altar_fruit_tree, minmay_crystal_room, uniq_josephine
D:15:     grunt_enter_depths_giant_problem, enter_trove_1, minivault_23,
          uniq_sonja, uniq_azrael
Lab:      labyrinth_hidden_loot, nicolae_lab_arrow, nicolae_lab_do_over,
          nicolae_lab_checkerboard, labyrinth_skeletal_remains

Skill      XL: |  1  2  3  4  5  6  7  8  9 10 11 12 13 |
---------------+----------------------------------------+-----
Long Blades    | 2 5 6 7 8 9 10 | 10.8
Fighting       | 7 8 9 10 11 12 | 12.8
Armour         | 6 7 8 9 10 11 12 | 12.5
Shields        | 6 8 9 10 11 12 | 12.6
Dodging        | 3 4 5 6 7 8 |  8.6

Action                   |  1- 3 |  4- 6 |  7- 9 | 10-12 | 13-15 || total
-------------------------+-------+-------+-------+-------+-------++-------
Melee: Long sword        |   127 |   129 |   214 |       |       ||   470
       Demon blade       |       |       |   162 |    83 |       ||   245
       Double sword      |       |       |       |   477 |   452 ||   929
       Spear             |       |       |       |    11 |       ||    11
 Fire: Blowgun           |       |       |     3 |       |       ||     3
Throw: Stone             |       |       |       |     1 |       ||     1
       Tomahawk          |       |       |       |     2 |       ||     2
Invok: Potion Petition   |       |       |       |     2 |     3 ||     5
Evoke: Wand              |       |       |       |     1 |       ||     1
  Use: Potion            |     1 |     4 |     2 |     3 |     2 ||    12
       Scroll            |       |       |    19 |    10 |     4 ||    33
 Stab: Distracted        |       |       |     4 |     4 |     5 ||    13
       Invisible         |       |       |       |       |     2 ||     2
  Eat: Chunk             |       |     3 |       |       |       ||     3
       Ration            |       |       |     5 |     5 |     4 ||    14
Armor: Scale mail        |    86 |    77 |   127 |    94 |       ||   384
       Chain mail        |       |       |       |   130 |   251 ||   381
       Plate armour      |       |       |       |     5 |       ||     5
Dodge: Dodged            |    55 |    80 |   138 |   182 |   203 ||   658
Block: Shield            |    83 |   109 |   220 |   388 |   285 ||  1085
       Rpst.: Long sword |    19 |    31 |    19 |       |       ||    69
       Demon blade       |       |       |    14 |     6 |       ||    20
       Double sword      |       |       |       |    41 |    54 ||    95

Table legend:
 A = Spawn XP
 B = Non-spawn XP
 C = Spawn XP percentage of total XP
 D = Spawn monster count
 E = Non-spawn monster count
 F = Spawn count percentage of total count
 G = Total turns spent on level
                    A         B        C        D         E        F      G
               +---------+---------+-------+---------+---------+-------+---------
         Total |       0 |   63539 |   0.0 |       0 |     506 |   0.0 | 14281
               +---------+---------+-------+---------+---------+-------+---------
           D:1 |       0 |      29 |   0.0 |       0 |      16 |   0.0 |   531
           D:2 |       0 |      30 |   0.0 |       0 |      18 |   0.0 |   594
           D:3 |       0 |     211 |   0.0 |       0 |      35 |   0.0 |   939
           D:4 |       0 |     693 |   0.0 |       0 |      35 |   0.0 |  1306
           D:5 |       0 |     686 |   0.0 |       0 |      17 |   0.0 |  1187
           D:6 |       0 |     679 |   0.0 |       0 |      19 |   0.0 |  1438
           D:7 |       0 |    1697 |   0.0 |       0 |      25 |   0.0 |   851
           D:8 |       0 |    1931 |   0.0 |       0 |      28 |   0.0 |   525
           D:9 |       0 |    3947 |   0.0 |       0 |      57 |   0.0 |  1353
          D:10 |       0 |    2224 |   0.0 |       0 |      23 |   0.0 |   585
          D:11 |       0 |    7212 |   0.0 |       0 |      22 |   0.0 |   969
          D:12 |       0 |    5462 |   0.0 |       0 |      51 |   0.0 |  1049
          D:13 |       0 |   18290 |   0.0 |       0 |     105 |   0.0 |  1362
          D:14 |       0 |    9574 |   0.0 |       0 |      33 |   0.0 |   985
          D:15 |       0 |    9078 |   0.0 |       0 |      19 |   0.0 |   344
           Lab |       0 |    1796 |   0.0 |       0 |       3 |   0.0 |   263
               +---------+---------+-------+---------+---------+-------+---------
